 Dungeon Crawl Stone Soup version 0.20.0-15-g7f486f2 (webtiles) character file.

1426064 Celandrion the Intangible (level 27, 191/191 HPs)
             Began as a Halfling Berserker on June 10, 2017.
             Was a Priest of Trog.
             Escaped with the Orb
             ... and 3 runes on June 13, 2017!
             The game lasted 07:43:24 (116068 turns).

Celandrion the Intangible (Halfling Berserker)    Turns: 116068, Time: 07:43:25

Health: 191/191    AC: 42    Str: 16    XL:     27
Magic:  29/29      EV: 32    Int:  5    God:    Trog [***...]
Gold:   5925       SH:  5    Dex: 27    Spells: 26/26 levels left

rFire    + + .     SeeInvis .   a - +2 Maxwell's thermic engine {flame, freeze, rF- rC-}
rCold    + . .     Gourm    .   (shield currently unavailable)
rNeg     . . .     Faith    .   z - +8 chain mail {rC+}
rPois    +         Spirit   .   d - +1 helmet "Tuater" {rPois rF++ Str-5}
rElec    +         Reflect  +   f - +2 cloak {rPois}
rCorr    .         Harm     .   n - +2 pair of gloves {Dex+3}
MR       ++...                  Q - +2 pair of boots
Stlth    ++........             v - +5 amulet of reflection
Regen    0.5/turn               p - ring of Jazywk {+Fly rElec rF- rC+ Stlth+}
MPRegen  0.3/turn               q - ring of the Morning {rElec rF++ Stlth+}

@: no status effects
A: hooves 1, icy blue scales 1, frail 1, mutation resistance 1, poison
resistance
0: Orb of Zot
}: 3/15 runes: decaying, silver, gossamer
a: Berserk, Trog's Hand, Burn Spellbooks, Renounce Religion, Evoke Flight


You escaped.
You worshipped Trog.
Trog was most pleased with you.
You were not hungry.

You visited 9 branches of the dungeon, and saw 49 of its levels.
You visited the Abyss 1 time.
You also visited: Labyrinth, Bailey, Volcano and Desolation.

You collected 9581 gold pieces.
You spent 3656 gold pieces at shops.

Inventory:

Hand Weapons
 a - the +2 Maxwell's thermic engine (weapon) {flame, freeze, rF- rC-}
   (You took it off a vault guard on level 5 of the Vaults)

   It has been specially enchanted to burn those struck by it, causing extra
   injury to most foes and up to half again as much damage against particularly
   susceptible opponents.
   Big, fiery blades are also staple armaments of hydra-hunters.
   It makes you vulnerable to fire.
   It makes you vulnerable to cold.
 b - the +6 fustibalus of Sloth {venom, Str+5}
   (You took it off a vault guard on level 5 of the Vaults)

   It poisons the ammo it fires.
   It affects your strength (+5).
 g - a +6 antimagic long sword
 t - a +7 double sword of freezing
 E - a +7 long sword of holy wrath
Missiles
 u - 480 sling bullets
Armour
 d - the +1 helmet "Tuater" (worn) {rPois rF++ Str-5}
   (You found it on level 5 of the Vaults)

   It affects your strength (-5).
   It greatly protects you from fire.
   It protects you from poison.
 f - a +2 cloak of poison resistance (worn)
 n - a +2 pair of gloves of dexterity (worn)
 z - a +8 chain mail of cold resistance (worn)
 G - the +0 cloak of Muheixa {Slay+3}
   (You found it on level 3 of the Elven Halls)

   It affects your accuracy and damage with ranged weapons and melee attacks
   (+3).
 Q - a +2 pair of boots (worn)
Jewellery
 p - the ring of Jazywk (left hand) {+Fly rElec rF- rC+ Stlth+}
   (You bought it in a shop on level 2 of the Elven Halls)

   [ring of flight]

   It makes you vulnerable to fire.
   It protects you from cold.
   It insulates you from electricity.
   It lets you fly.
   It makes you more stealthy.
 q - the ring of the Morning (right hand) {rElec rF++ Stlth+}
   (You found it in the Desolation of Salt)

   [ring of stealth]

   It greatly protects you from fire.
   It insulates you from electricity.
   It makes you more stealthy.
 r - an uncursed ring of protection from magic
 v - a +5 amulet of reflection (around neck)
 H - the ring of the Mutiny {rN++ Stlth-}
   (You took it off a centaur on level 1 of the Depths)

   [ring of loudness]

   It greatly protects you from negative energy.
   It makes you less stealthy.
 J - an uncursed ring of see invisible
 T - an uncursed ring of resist corrosion
Scrolls
 h - a scroll of holy word
 j - 3 scrolls of recharging
 k - 5 scrolls of blinking
 m - 16 scrolls of teleportation
 w - a scroll of enchant armour
 x - 10 scrolls of fear
 y - a scroll of brand weapon
 A - a scroll of magic mapping
 F - 3 scrolls of enchant weapon
 L - 39 scrolls of remove curse
 P - 7 scrolls of fog
 V - 10 scrolls of identify
Potions
 i - 11 potions of flight
 o - 8 potions of curing
 s - a potion of agility
 B - 4 potions of resistance
 N - 4 potions of invisibility
 U - 2 potions of berserk rage
 X - 2 potions of cancellation
Miscellaneous
 I - a lightning rod (4/4)
 S - a phial of floods
 Z - 2 sacks of spiders
Comestibles
 c - 16 bread rations
 l - 7 meat rations


   Skills:
 + Level 23.9 Fighting
   Level 9.9(15.7) Short Blades
 - Level 16.6(17.2) Long Blades
 - Level 10.0(15.0) Slings
 - Level 13.3(13.9) Throwing
 + Level 24.9 Armour
 O Level 27 Dodging
 - Level 9.9 Stealth
   Level 5.9 Shields
 - Level 8.0 Evocations


You had 26 spell levels left.
You didn't know any spells.

Dungeon Overview and Level Annotations

Branches:
Dungeon (15/15)            Temple (0/1) D:4            Lair (6/6) D:9
  Swamp (4/4) Lair:2       Spider (4/4) Lair:4        Slime (0/5) Lair:6
    Orc (2/2) D:9             Elf (3/3) Orc:2        Vaults (5/5) D:14
  Crypt (0/3) Vaults:3     Depths (5/5) D:15            Zot (5/5) Depths:5

Altars:
Ashenzari
Cheibriados
Elyvilon
Beogh

Shops:
D:5 *   D:8 %:   D:11 =   Orc:1 *   Orc:2 *?:?   Elf:1 (   Elf:2 =   Elf:3 %

Portals:
Hell: Depths:1 Depths:2 Depths:3 Depths:4 Depths:5
Abyss: Depths:4 Depths:5
Pandemonium: Depths:1 Depths:3 Depths:5
Ziggurat: Depths:3

Annotations:
D:15 Roxanne
Elf:3 Thanks Trog


Innate Abilities, Weirdness & Mutations

You are small and have problems with some larger weapons.
You are somewhat resistant to further mutation.
You have large cloven feet.
You are partially covered in icy blue scales. (AC +2)
You are frail. (-10% HP)
Your system is resistant to poisons. (rPois)


Message History

A chaos spawn comes into view.
You block the bat's attack. The bat closely misses you.
The bat completely misses you.
You riposte.
You slash the bat! You burn the bat.
You kill the bat!
Trog accepts your kill.
You see here a dagger.
There is a stone staircase leading up here.
You climb upwards.
There is a stone staircase leading down here.
(D) Dungeon (T) Temple (L) Lair (S) Swamp (N) Spider Nest (M) Slime Pits (O) Orcish Mines (E) Elven Halls (V) Vaults (C) Crypt (U) Depths (H) Hell (Z) Zot
Where to? (Enter - D:1, ? - help)
Okay, then.
You see here a club.
There is a staircase leading out of the dungeon here.
You have escaped!

#....######..###
####.## #.
#..### ♣..♣ ##.#
#. #.)# ♣♣.♣♣
#..# #. #..#
♣♣.♣ #.## #.
#..# ♣.♣♣ #.# ##
#..#### ♣♣.♣♣
#.# #.....#
♣♣.♣♣ ###
###.##### ♣...♣
### ....# ♣.@.♣
#.##### .#######
♣...♣ #.....# .#
#.# ♣♣.♣♣
#.###.# .#####.#
♣.♣ ♣## #.#
.......# ♣♣.♣
#.# ######.#
♣.♣♣ #.# ..# #.#
♣.♣♣ #.# #.# ###
♣♣.♣ #####.#
#.###### ♣.♣♣
#.....#


There were no monsters in sight!

Vanquished Creatures
  5 orbs of fire
  4 ancient liches
  Saint Roka (Depths:5)
  A curse toe (Zot:3)
  6 Killer Klowns (Zot:5)
  A caustic shrike (Depths:3)
  Nikola (Vaults:2)
  10 golden dragons
  A golden dragon (shapeshifter) (Vaults:5)
  Arachne (Spider:1)
  4 electric golems
  Jorgrun (Vaults:2)
  14 tentacled monstrosities
  28 Orb Guardians
  A lich (Depths:4)
  3 quicksilver dragons
  2 deep elf blademasters (Elf:3)
  Frances (D:14)
  14 titans
  8 death cobs
  3 sphinxes
  9 tengu reavers
  A thorn hunter (Swamp:4)
  21 storm dragons
  5 draconian monks
  Kirke (Swamp:1)
  6 shadow dragons
  12 fire giants
  Donald (Spider:3)
  2 imperial myrmidons (Desolation)
  5 iron dragons
  10 frost giants
  5 draconian scorchers
  Aizul (Spider:4)
  2 deep elf sorcerers (Elf:3)
  5 draconian knights
  22 vault wardens
  8 ghost moths
  6 emperor scorpions
  A draconian stormcaller (Zot:5)
  5 draconian shifters
  A spriggan defender (Depths:4)
  7 deep elf elementalists
  A reaper (Depths:5)
  32 very ugly things
  A ghoul (Vaults:2)
  6 draconian annihilators
  7 entropy weavers
  A caustic shrike skeleton (Depths:3)
  17 ironheart preservers
  An entropy weaver (shapeshifter) (Vaults:5)
  21 stone giants
  Nessos (D:13)
  7 deep elf demonologists
  10 green draconians
  4 vampire knights
  5 red draconians
  10 black draconians
  12 white draconians
  7 yellow draconians
  17 deep elf annihilators
  9 purple draconians
  2 halazid warlocks (Desolation)
  Azrael (D:13)
  6 spark wasps
  2 dire elephants (Depths:2)
  14 ettins
  10 deep elf death magi
  4 ragged hierophants (Desolation)
  18 yaktaur captains
  Josephine (D:11)
  Snorg (Lair:6)
  3 green deaths
  A fire dragon (shapeshifter) (Elf:3)
  A minotaur (Lab)
  6 deep elf high priests
  13 fire dragons
  3 small abominations
  3 rakshasas
  5 servants of whispers (Desolation)
  8 great orbs of eyes
  3 peacekeepers (Desolation)
  33 vault guards
  19 ice dragons
  A ghost crab (Swamp:4)
  23 hydras
  Harold (D:10)
  Fannar (Orc:1)
  A monstrous demonspawn (Depths:5)
  17 centaur warriors
  A catoblepas (Lair:6)
  4 spriggan air magi
  A satyr (shapeshifter) (Vaults:5)
  57 two-headed ogres
  5 deep troll shamans
  7 alligators
  23 dancing weapons
  3 death yaks (Lair:6)
  3 death knights
  17 ogre magi
  A large abomination (Elf:3)
  A queen ant (Lair:3)
  5 tengu warriors
  4 orc high priests
  4 vampire magi
  5 deep troll earth magi
  5 spriggan berserkers
  Sonja (D:10)
  Nergalle (Orc:2)
  A sun demon (Depths:1)
  5 hell knights (Depths:3)
  46 deep elf knights
  2 soul eaters
  A skeletal warrior (Vaults:2)
  A storm dragon skeleton (Vaults:5)
  3 shadow wraiths
  A sixfirhy (D:8)
  A spark wasp zombie (Depths:3)
  A quicksilver dragon simulacrum (Vaults:5)
  15 deep trolls
  2 unseen horrors
  A torturous demonspawn (Depths:1)
  3 spriggan druids
  9 swamp dragons
  2 infernal demonspawn (Depths:5)
  A tengu zombie (Vaults:5)
  8 glowing orange brains
  An unseen horror (shapeshifter) (Vaults:1)
  A shambling mangrove (Swamp:4)
  A deep troll (shapeshifter) (Vaults:5)
  20 orc knights
  28 deep elf archers
  7 wizards
  4 flayed ghosts
  A harpy (shapeshifter) (Vaults:1)
  A lindwurm (shapeshifter) (Depths:2)
  21 orb spiders
  A sphinx zombie (Vaults:2)
  22 ironbrand convokers
  4 phantasmal warriors
  A manticore (shapeshifter) (Depths:3)
  11 necromancers
  2 human zombies (Vaults:3)
  A fire giant zombie (Vaults:2)
  50 wolf spiders
  9 orc sorcerers
  2 manticores
  A wolf spider (shapeshifter) (Depths:5)
  8 cyclopes
  2 oklob plants (Lair:2)
  47 ugly things
  28 moths of wrath
  4 stone giant skeletons
  4 black mambas
  96 deep elf magi
  A black mamba (shapeshifter) (Vaults:2)
  17 vault sentinels
  3 guardian serpents (Desolation)
  4 elephants (Lair:6)
  2 rust devils
  A fire giant skeleton (Depths:2)
  An elephant (shapeshifter) (Depths:3)
  An eye of devastation (shapeshifter) (Depths:3)
  3 gargoyles
  7 torpor snails
  2 rime drakes
  23 demonic crawlers
  25 spiny frogs
  An efreet (Volcano)
  3 yaktaurs (shapeshifter)
  51 yaktaurs
  6 komodo dragons
  3 ice devils
  A redback zombie (D:15)
  4 freezing wraiths
  4 human skeletons
  A hellwing (Depths:5)
  A meliai (shapeshifter) (D:15)
  43 jumping spiders
  A queen bee (Lair:1)
  9 tyrant leeches
  24 hornets
  7 trolls
  3 polar bears
  20 blink frogs
  5 queen bees (shapeshifter)
  41 saltlings (Desolation)
  41 slime creatures
  9 hippogriffs
  6 bog bodies (Swamp:4)
  A snapping turtle (shapeshifter) (Vaults:5)
  2 meliai zombies
  A fire giant simulacrum (Vaults:2)
  2 deep troll zombies
  A frost giant simulacrum (Vaults:2)
  A spriggan skeleton (Depths:1)
  89 redbacks
  6 air elementals
  28 tarantellas
  11 spriggans
  8 water elementals
  7 wyverns
  A wyvern (shapeshifter) (Depths:3)
  A tarantella (shapeshifter) (Vaults:4)
  3 shadows
  11 wraiths
  An ettin skeleton (Vaults:2)
  2 hogs (shapeshifter)
  5 basilisks
  48 yaks
  A vampire (D:12)
  2 basilisks (shapeshifter)
  2 fire bats (shapeshifter)
  18 humans (D:14)
  2 hungry ghosts
  8 fire elementals
  5 hogs (Swamp:1)
  A steam dragon (D:9)
  24 vampire mosquitoes
  The ghost of xash the Charmwright, an amateur BaSk (D:4)
  8 wargs
  19 swamp worms
  3 acid dragons
  11 soldier ants
  12 water moccasins
  A floating eye (shapeshifter) (Vaults:5)
  2 hell hounds (D:13)
  6 porcupines
  A water moccasin (shapeshifter) (Vaults:5)
  5 black bears
  15 swamp drakes
  9 ice beasts
  9 sky beasts
  75 orc warriors
  A fire dragon simulacrum (Depths:1)
  A necrophage (D:9)
  9 boggarts
  2 phantoms
  3 ettin simulacra
  2 eyes of draining
  34 ogres
  12 wolves
  A centaur (shapeshifter) (Vaults:1)
  29 centaurs
  An elf skeleton (Vaults:5)
  The ghost of Celandrion the Cutter, an amateur HaBe of Trog (D:3)
  4 big kobolds
  A crocodile (shapeshifter) (Depths:2)
  15 crocodiles
  25 bullfrogs
  A gnoll sergeant (D:9)
  2 wyvern zombies
  A glowing shapeshifter simulacrum (Vaults:2)
  7 earth elementals
  28 killer bees
  5 scorpions
  23 wights
  2 electric eels (Spider:3)
  7 howler monkeys
  8 crimson imps
  2 centaur zombies
  An iron imp (Depths:5)
  18 jellies
  31 orc priests
  3 bullfrog skeletons
  6 hounds
  3 centaur skeletons
  Terence (D:3)
  7 iguanas
  30 orc wizards
  40 worker ants
  5 hound skeletons
  2 worker ant zombies
  14 gnolls
  22 adders
  5 shadow imps
  3 white imps
  3 ufetubi (Depths:5)
  4 adder zombies
  An adder skeleton (D:10)
  A worm (shapeshifter) (Depths:3)
  4 worms
  4 dart slugs
  7 leopard geckos
  142 orcs
  17 giant cockroaches
  33 goblins
  20 hobgoblins
  12 jackals
  4 quokkas
  10 ball pythons
  A ball python skeleton (D:6)
  7 bats
  3 frilled lizards
  A giant cockroach zombie (D:5)
  20 kobolds
  A quokka skeleton (D:6)
  5 rats
  A crawling corpse (Elf:3)
  2 pillars of salt (Vaults:2)
  2 plants (Lair:2)
2811 creatures vanquished.

Vanquished Creatures (collateral kills)
  Rupert (D:14)
  A death cob (Zot:4)
  A thorn hunter (Swamp:4)
  A tengu reaver (Vaults:5)
  Agnes (D:14)
  2 vault wardens
  2 orc warlords
  A stone giant (Vaults:5)
  2 entropy weavers (Lair:4)
  A deep elf demonologist (Elf:3)
  A deep elf annihilator (Vaults:5)
  A spark wasp (Spider:4)
  An ettin (Orc:1)
  2 crystal guardians (Desolation)
  A yaktaur captain (Vaults:5)
  2 ragged hierophants (Desolation)
  A peacekeeper (Desolation)
  6 vault guards
  An ice dragon (Vaults:1)
  A servant of whispers (Desolation)
  Erica (D:8)
  2 dancing weapons (Elf:2)
  6 two-headed ogres
  An orc high priest (Orc:2)
  A flayed ghost (Vaults:4)
  2 swamp dragons (Swamp:4)
  3 orc knights (Orc:2)
  A phantasmal warrior (Vaults:5)
  3 ironbrand convokers
  3 deep elf magi (Elf:2)
  A wolf spider (Vaults:4)
  An orc sorcerer (Orc:2)
  2 molten gargoyles (Desolation)
  2 yaktaurs (Vaults:5)
  A demonic crawler (Spider:3)
  A tormentor (Zot:1)
  7 saltlings (Desolation)
  4 redbacks
  A tarantella (Spider:3)
  A water elemental (Depths:1)
  2 humans (D:14)
  A chaos spawn (Vaults:5)
  A warg (Vaults:4)
  An orc warrior (Orc:2)
  2 ogres
  An orc priest (Orc:2)
  An orc wizard (Orc:2)
  A worker ant (Lair:4)
  A white imp (Zot:1)
  3 orcs
88 creatures vanquished.

Vanquished Creatures (others)
  2 deep elf master archers (Elf:3)
  A stone giant (Depths:2)
  A very ugly thing (Depths:3)
  An ogre mage (Vaults:5)
  A two-headed ogre (Depths:2)
  A tengu warrior (Depths:4)
  A deep elf knight (Elf:1)
  An unseen horror (Vaults:1)
  3 deep elf archers
  2 deep elf magi
  3 moths of wrath (Zot:5)
  A freezing wraith (Vaults:5)
  5 yaktaurs
  A hornet (Swamp:4)
  A saltling (Desolation)
  A spriggan (Swamp:1)
  A shadow (D:15)
  A swamp worm (Swamp:4)
  2 orc warriors
  2 swamp drakes (Swamp:4)
  A boggart (Depths:3)
  A centaur (Vaults:2)
  A crocodile (D:9)
  A white imp (Depths:4)
  3 orcs
  A quokka (D:6)
  A briar patch (Swamp:3)
  4 fungi
  5 pillars of salt (Vaults:2)
  9 plants
59 creatures vanquished.

Grand Total: 2958 creatures vanquished

Notes
Turn   | Place    | Note
-------+----------+-------------------------------------------
     0 | D:1      | Celandrion the Halfling Berserker began the quest for the Orb.
     0 | D:1      | Reached XP level 1. HP: 15/15 MP: 1/1
   119 | D:1      | Reached XP level 2. HP: 18/20 MP: 2/2
   604 | D:1      | Reached XP level 3. HP: 25/25 MP: 3/3
   775 | D:2      | Reached ** piety under Trog
  1350 | D:2      | Reached XP level 4. HP: 30/30 MP: 4/4
  1807 | D:3      | Reached XP level 5. HP: 33/36 MP: 5/5
  1927 | D:3      | Noticed Celandrion's ghost (amateur HaBe)
  1932 | D:3      | Noticed an ice beast
  1947 | D:3      | Reached *** piety under Trog
  2131 | D:2      | Killed an ice beast
  2131 | D:2      | Reached skill level 5 in Short Blades
  2131 | D:2      | Reached skill level 3 in Dodging
  2131 | D:2      | Reached XP level 6. HP: 42/42 MP: 6/6
  2318 | D:3      | Noticed Terence
  2325 | D:3      | Killed Terence
  2744 | D:4      | Noticed an ogre
  2757 | D:4      | Killed an ogre
  2757 | D:4      | Reached skill level 4 in Dodging
  2757 | D:4      | Reached XP level 7. HP: 39/47 MP: 7/7
  3123 | D:4      | Found a staircase to the Ecumenical Temple.
  3476 | D:5      | Entered Level 5 of the Dungeon
  3530 | D:5      | Got a transparent dagger
  3531 | D:5      | Identified the cursed +0 dagger "Jidud" {pain, +Inv Dex+4} (You found it on level 5 of the Dungeon)
  3577 | D:5      | Found Ygrunt's Assorted Antiques.
  3589 | D:5      | Bought a scroll of identify for 60 gold pieces
  3660 | D:5      | Reached skill level 5 in Armour
  3951 | D:5      | Reached XP level 8. HP: 37/54 MP: 8/8
  4386 | D:6      | Reached **** piety under Trog
  4476 | D:6      | Found a white marble altar of Elyvilon.
  4643 | D:6      | Reached skill level 5 in Dodging
  4687 | D:6      | Reached skill level 5 in Fighting
  5426 | D:7      | Found a flagged portal.
  5460 | Bailey   | Entered a bailey
  5655 | Bailey   | Reached ***** piety under Trog
  5853 | Bailey   | Reached XP level 9. HP: 61/61 MP: 9/9
  6048 | Bailey   | Noticed an orc knight
  6090 | Bailey   | Killed an orc knight
  6090 | Bailey   | Reached skill level 6 in Dodging
  6353 | Bailey   | Noticed an orc warlord
  6710 | Bailey   | Reached skill level 7 in Dodging
  6808 | Bailey   | Received a gift from Trog
  6951 | Bailey   | Killed an orc warlord
  6951 | Bailey   | Reached XP level 10. HP: 30/69 MP: 5/10
  7236 | Bailey   | Identified a scroll of acquirement
  7758 | D:7      | Reached skill level 8 in Dodging
  8317 | D:8      | Noticed Erica
  8319 | D:8      | Killed Erica
  8495 | D:8      | Found Etrieh's Book Shoppe.
  8547 | D:8      | Found Emyufat's Food Emporium.
  8709 | D:8      | Reached skill level 1 in Long Blades
  8959 | D:8      | Reached XP level 11. HP: 54/75 MP: 11/11
  9284 | D:9      | Found a staircase to the Lair.
  9364 | D:9      | Reached skill level 9 in Dodging
  9926 | D:9      | Found a staircase to the Orcish Mines.
 10453 | D:9      | Received a gift from Trog
 10827 | D:10     | Entered Level 10 of the Dungeon
 11046 | D:10     | Noticed Sonja
 11052 | D:10     | Killed Sonja
 11052 | D:10     | Reached skill level 10 in Armour
 11521 | D:10     | Noticed Harold
 11538 | D:10     | Killed Harold
 11799 | D:11     | Noticed Josephine
 12202 | D:10     | Reached skill level 10 in Dodging
 12208 | D:10     | Reached XP level 12. HP: 74/84 MP: 12/12
 12263 | D:11     | Killed Josephine
 12263 | D:11     | Reached skill level 5 in Long Blades
 12519 | D:10     | Received a gift from Trog
 12820 | D:11     | Noticed a two-headed ogre
 12834 | D:11     | Killed a two-headed ogre
 13016 | D:11     | Reached XP level 13. HP: 90/90 MP: 13/13
 13017 | D:11     | Reached XP level 14. HP: 97/97 MP: 13/20
 13232 | D:11     | Found Wimuecrirea's Jewellery Shop.
 13240 | D:11     | Bought an uncursed ring of poison resistance for 300 gold pieces
 14062 | Lair:1   | Entered Level 1 of the Lair of Beasts
 14815 | Lair:1   | Reached skill level 11 in Dodging
 14910 | Lair:1   | Received a gift from Trog
 15984 | Lair:2   | Found a snail-covered altar of Cheibriados.
 16018 | Lair:2   | Found a labyrinth entrance.
 16027 | Lab      | Entered a labyrinth
 17652 | Lab      | Reached skill level 10 in Fighting
 17658 | Lab      | Got a jewelled chain mail
 17669 | Lab      | Identified the +0 chain mail "Noatret" {rPois rN+ Str-3} (You found it in a labyrinth)
 18022 | D:11     | Bought an uncursed ring of resist corrosion for 300 gold pieces
 18505 | Lair:2   | Found a staircase to the Swamp.
 18707 | Lair:2   | Reached XP level 15. HP: 99/103 MP: 21/21
 18826 | Lair:2   | Got a ruby-encrusted leather armour
 18837 | Lair:2   | Identified the +3 leather armour "Qeyttola" {Stlth+} (You found it on level 2 of the Lair of Beasts)
 20704 | Lair:4   | Found a hole to the Spider Nest.
 20990 | Lair:4   | Reached skill level 12 in Dodging
 21219 | Lair:4   | Received a gift from Trog
 23812 | Lair:5   | Found a dark tunnel.
 23866 | Volcano  | Entered a volcano
 24568 | Lair:6   | Entered Level 6 of the Lair of Beasts
 24828 | Lair:6   | Noticed Snorg
 24844 | Lair:6   | Reached skill level 13 in Dodging
 24860 | Lair:6   | Killed Snorg
 25141 | Lair:6   | Found a staircase to the Slime Pits.
 25154 | Lair:6   | Reached XP level 16. HP: 107/112 MP: 22/22
 25373 | Lair:6   | Received a gift from Trog
 27095 | D:12     | Reached ****** piety under Trog
 27414 | D:12     | Reached skill level 10 in Long Blades
 28358 | D:13     | Noticed Nessos
 28402 | D:13     | Killed Nessos
 28402 | D:13     | Received a gift from Trog
 28443 | D:13     | Noticed Azrael
 28468 | D:13     | Killed Azrael
 29614 | Orc:1    | Entered Level 1 of the Orcish Mines
 30174 | Orc:1    | Received a gift from Trog
 30275 | Orc:1    | Found a roughly hewn altar of Beogh.
 30347 | Orc:1    | Noticed Fannar
 30395 | Orc:1    | Killed Fannar
 30450 | Orc:1    | Found Muamesuf's Assorted Antiques.
 30728 | Orc:1    | Bought a wavering bone ring for 120 gold pieces
 30730 | Orc:1    | Identified the ring of the Cockatrice {Ice *Drain rN++ MR+ Dex+2} (You bought it in a shop on level 1 of the Orcish Mines)
 30806 | Orc:2    | Entered Level 2 of the Orcish Mines
 30806 | Orc:2    | Found a staircase to the Elven Halls.
 31068 | Orc:1    | Noticed Nergalle
 31324 | Orc:2    | Found a roughly hewn altar of Beogh.
 31817 | Orc:1    | Reached skill level 14 in Dodging
 33243 | Orc:2    | Reached XP level 17. HP: 119/120 MP: 23/23
 33273 | Orc:2    | Found Suvvaa's General Store.
 33273 | Orc:2    | Found Webeg's Magic Scroll Shop.
 33278 | Orc:2    | Found Xeumaon's Magic Scroll Emporium.
 33278 | Orc:2    | Found Oshruok's Book Shop.
 33301 | Orc:2    | Bought a scroll of silence for 97 gold pieces
 33306 | Orc:2    | Bought a scroll of recharging for 104 gold pieces
 33306 | Orc:2    | Bought a scroll of teleportation for 33 gold pieces
 33309 | Orc:2    | Bought a scroll of teleportation for 45 gold pieces
 33309 | Orc:2    | Bought a scroll of teleportation for 45 gold pieces
 33309 | Orc:2    | Bought a scroll of blinking for 112 gold pieces
 33309 | Orc:2    | Bought a scroll of identify for 30 gold pieces
 33309 | Orc:2    | Bought a scroll of identify for 30 gold pieces
 33309 | Orc:2    | Bought a scroll of fear for 52 gold pieces
 33309 | Orc:2    | Bought a scroll of fear for 52 gold pieces
 33313 | Orc:2    | Bought a scroll of teleportation for 39 gold pieces
 33313 | Orc:2    | Bought a scroll of blinking for 97 gold pieces
 33313 | Orc:2    | Bought a scroll of teleportation for 39 gold pieces
 33313 | Orc:2    | Bought a scroll of identify for 26 gold pieces
 33313 | Orc:2    | Bought a scroll of identify for 26 gold pieces
 33580 | Lair:2   | Got an iridescent falchion
 33581 | Lair:2   | Identified the cursed +0 falchion of the Elven Halls {slice, rElec rF++} (You found it on level 2 of the Lair of Beasts)
 33903 | D:14     | Noticed Frances
 33920 | D:14     | Killed Frances
 34037 | D:14     | Found a roughly hewn altar of Beogh.
 34338 | D:14     | Noticed Rupert
 34346 | D:14     | Killed Rupert
 34606 | D:14     | Noticed Agnes
 34622 | D:14     | Killed Agnes
 35406 | D:14     | Found a gate to the Vaults.
 35737 | D:15     | Entered Level 15 of the Dungeon
 35746 | D:15     | Received a gift from Trog
 35922 | D:15     | Noticed Roxanne
 36276 | D:15     | Got a faintly glowing ring mail
 36277 | D:15     | Identified the +1 ring mail of the Moon {MR+ Dex+2} (You found it on level 15 of the Dungeon)
 36819 | D:15     | Reached skill level 15 in Dodging
 37330 | D:15     | Found a staircase to the Depths.
 37389 | D:15     | Reached skill level 15 in Armour
 37825 | Swamp:1  | Entered Level 1 of the Swamp
 38240 | Swamp:1  | Reached XP level 18. HP: 98/128 MP: 24/24
 38487 | Swamp:1  | Noticed Kirke
 38544 | Swamp:1  | Killed Kirke
 40864 | Swamp:3  | Got a brightly glowing scale mail
 40871 | Swamp:3  | Identified the +6 scale mail "Mupet" {Int+4} (You found it on level 3 of the Swamp)
 41613 | Swamp:4  | Entered Level 4 of the Swamp
 41760 | Swamp:4  | Got a jewelled dagger
 41761 | Swamp:4  | Identified the +5 dagger of Disorder {flame, rF+} (You found it on level 4 of the Swamp)
 43788 | Swamp:4  | Got a decaying rune of Zot
 44212 | Swamp:4  | Reached skill level 16 in Dodging
 44512 | Swamp:4  | Received a gift from Trog
 45221 | Spider:1 | Entered Level 1 of the Spider Nest
 45473 | Spider:1 | Reached XP level 19. HP: 128/136 MP: 25/25
 46299 | Vaults:1 | Entered Level 1 of the Vaults
 46798 | D:14     | Reached skill level 1 in Throwing
 47484 | Vaults:1 | Reached skill level 5 in Throwing
 48626 | Vaults:1 | Received a gift from Trog
 50367 | Vaults:1 | Received a gift from Trog
 50655 | Vaults:1 | Reached skill level 10 in Throwing
 50716 | Vaults:1 | Reached XP level 20. HP: 82/143 MP: 26/26
 51218 | Orc:2    | Received a gift from Trog
 51221 | Orc:2    | Got a shimmering rapier {god gift}
 51222 | Orc:2    | Identified the +3 rapier of the Lamprey {drain, -Tele *Noise SInv Stlth+} (Trog gifted it to you on level 2 of the Orcish Mines)
 51300 | Orc:2    | Killed Nergalle
 54012 | Spider:2 | Noticed Arachne
 54295 | Spider:1 | Killed Arachne
 54805 | Spider:1 | HP: 7/144 [poisoned by a redback]
 54811 | Spider:1 | HP: 7/144 [poisoned by a redback]
 54817 | Spider:1 | HP: 7/144 [poisoned by a redback]
 54825 | Spider:1 | HP: 7/144 [poisoned by a redback]
 55943 | Spider:2 | Received a gift from Trog
 57805 | Spider:3 | Received a gift from Trog
 58063 | Spider:3 | Noticed Donald
 58070 | Spider:3 | Killed Donald
 58474 | Spider:3 | Received a gift from Trog
 58621 | Spider:4 | Entered Level 4 of the Spider Nest
 58983 | Spider:4 | Noticed Aizul
 59008 | Spider:4 | Reached skill level 17 in Dodging
 59018 | Spider:4 | Killed Aizul
 59254 | Spider:4 | Reached XP level 21. HP: 150/150 MP: 27/27
 59862 | Spider:4 | Received a gift from Trog
 59934 | Spider:4 | Reached skill level 15 in Fighting
 60484 | Spider:4 | Received a gift from Trog
 61071 | Spider:4 | Received a gift from Trog
 61488 | Spider:4 | Got a gossamer rune of Zot
 61941 | Depths:1 | Entered Level 1 of the Depths
 62188 | Depths:1 | Found a gateway to Hell.
 64339 | Depths:1 | Got a glittering bone ring
 64355 | Depths:1 | Identified the ring of the Mutiny {rN++ Stlth-} (You took it off a centaur on level 1 of the Depths)
 64375 | Depths:1 | Found a one-way gate leading to the halls of Pandemonium.
 64903 | Depths:1 | Found a shattered altar of Ashenzari.
 65726 | Elf:1    | Entered Level 1 of the Elven Halls
 66365 | D:5      | Bought a runed scimitar for 210 gold pieces
 66368 | D:5      | Bought a scroll of enchant armour for 225 gold pieces
 66368 | D:5      | Bought a potion of haste for 300 gold pieces
 66416 | D:4      | Noticed xash's ghost (amateur BaSk)
 66421 | D:4      | Killed xash's ghost
 66436 | D:3      | Killed Celandrion's ghost
 66682 | Elf:1    | Received a gift from Trog
 66879 | Elf:1    | Reached skill level 18 in Dodging
 67479 | Elf:1    | Reached XP level 22. HP: 153/158 MP: 28/28
 67540 | Elf:1    | Received a gift from Trog
 67748 | Elf:1    | Found Fannuh's Antique Weapon Shoppe.
 67758 | Elf:1    | Bought a glowing scimitar for 224 gold pieces
 67763 | Elf:1    | Bought a runed demon whip for 576 gold pieces
 67889 | Elf:1    | Received a gift from Trog
 68034 | Elf:1    | Received a gift from Trog
 68514 | Elf:1    | Reached skill level 1 in Shields
 68604 | Elf:1    | Received a gift from Trog
 68607 | Elf:1    | Got a shimmering short sword {god gift}
 68653 | Elf:1    | Identified the +6 short sword "Buegh" {holy, rElec Dex+3} (Trog gifted it to you on level 1 of the Elven Halls)
 69633 | Elf:2    | Found a huge runed gate.
 69634 | Elf:2    | Found a huge runed gate.
 69638 | Elf:2    | Found a huge runed gate.
 69675 | Elf:2    | Found Inorad's Jewellery Boutique.
 70175 | Elf:2    | Got an encrusted hunting sling
 70177 | Elf:2    | Identified the +5 hunting sling "Xitovoipp" {flame, Dex+4} (You found it on level 2 of the Elven Halls)
 70242 | Elf:2    | Got a warped robe
 70243 | Elf:2    | Identified the +0 robe of the World {*Drain rElec rPois Stlth+} (You found it on level 2 of the Elven Halls)
 70486 | Elf:2    | Received a gift from Trog
 71363 | Elf:2    | Received a gift from Trog
 72538 | Vaults:2 | Found a ruined gateway.
 72548 | Desolati | Entered the Desolation of Salt
 72869 | Desolati | Got a shimmering leather armour
 72872 | Desolati | Identified the +3 leather armour of Shadows and Fog {rF++ Str+3} (You found it in the Desolation of Salt)
 73567 | Desolati | Received a gift from Trog
 73610 | Desolati | Reached skill level 19 in Dodging
 73886 | Desolati | Got a shimmering glass ring
 73887 | Desolati | Identified the ring of Afoigim {*Tele +Fly Stlth+} (You found it in the Desolation of Salt)
 74173 | Desolati | Received a gift from Trog
 74474 | Desolati | Reached skill level 5 in Shields
 74481 | Desolati | Got a bloodstained scale mail
 74484 | Desolati | Identified the +2 scale mail of Onunove {rC+ rCorr Str+4 Slay-3} (You found it in the Desolation of Salt)
 74488 | Desolati | Got a transparent glass ring
 74489 | Desolati | Identified the ring of the Morning {rElec rF++ Stlth+} (You found it in the Desolation of Salt)
 74493 | Desolati | Got a shimmering fustibalus
 74495 | Desolati | Identified the +4 fustibalus of Walucsiy {venom, Str+3 Stlth+} (You found it in the Desolation of Salt)
 74499 | Desolati | Got a jewelled morningstar
 74500 | Desolati | Identified the +10 morningstar "Teycros" {holy, rC+} (You found it in the Desolation of Salt)
 74627 | Desolati | Received a gift from Trog
 74852 | Vaults:2 | Reached XP level 23. HP: 165/165 MP: 29/29
 75105 | Vaults:2 | Received a gift from Trog
 75619 | Vaults:2 | Received a gift from Trog
 75986 | Vaults:2 | Reached skill level 1 in Slings
 76019 | Vaults:2 | Received a gift from Trog
 76490 | Vaults:2 | Noticed Jorgrun
 76490 | Vaults:2 | Noticed Nikola
 76513 | Vaults:2 | Killed Jorgrun
 76525 | Vaults:2 | Killed Nikola
 76611 | Vaults:2 | Received a gift from Trog
 76953 | Vaults:2 | Reached skill level 5 in Slings
 77215 | Vaults:2 | Reached skill level 20 in Dodging
 77756 | Vaults:3 | Received a gift from Trog
 78086 | Vaults:3 | Found a staircase to the Crypt.
 78156 | Vaults:3 | Received a gift from Trog
 78715 | Vaults:3 | Reached XP level 24. HP: 163/173 MP: 29/29
 79336 | Vaults:4 | Received a gift from Trog
 79844 | Vaults:4 | Received a gift from Trog
 80006 | Vaults:4 | Received a gift from Trog
 80330 | Vaults:4 | Reached skill level 21 in Dodging
 81095 | Vaults:4 | Received a gift from Trog
 81506 | Vaults:4 | Got a crude triple crossbow
 81507 | Vaults:4 | Identified the +2 triple crossbow of Zoirghit {elec, Dex+3} (You found it on level 4 of the Vaults)
 81670 | Vaults:4 | Reached skill level 10 in Slings
 82080 | Elf:2    | Received a gift from Trog
 82475 | Elf:2    | Received a gift from Trog
 82848 | Elf:2    | Received a gift from Trog
 82999 | Elf:3    | Entered Level 3 of the Elven Halls
 83382 | Elf:3    | Reached XP level 25. HP: 180/180 MP: 29/29
 83445 | Elf:3    | Received a gift from Trog
 83549 | Elf:3    | Found Siogalig's Food Emporium.
 83718 | Elf:3    | Received a gift from Trog
 84293 | Elf:3    | Got a heavily runed granite ring
 84583 | Elf:3    | Identified the cursed ring of Kaunkask {rPois EV-5 Dex+3} (You took it off a deep elf mage on level 3 of the Elven Halls)
 85199 | Elf:3    | Received a gift from Trog
 85235 | Elf:3    | Reached skill level 22 in Dodging
 86472 | Elf:2    | Got an ancient scimitar {vamp}
 86474 | Elf:2    | Identified the +9 scimitar "Arbiter" {vamp, -Tele rElec Str+3 SInv} (You took it off a deep elf annihilator on level 2 of the Elven Halls)
 87011 | Elf:3    | Received a gift from Trog
 87056 | Elf:3    | Got a warped scale mail
 87057 | Elf:3    | Identified the cursed +1 scale mail of True Grit {Slay+4} (You found it on level 3 of the Elven Halls)
 87067 | Elf:3    | Got a clouded ivory amulet
 87068 | Elf:3    | Identified the amulet of Poaczug {Inacc Dex+3} (You found it on level 3 of the Elven Halls)
 87077 | Elf:3    | Got a bronze chain mail
 87078 | Elf:3    | Identified the +1 chain mail of the Empire {rN+ Dex+3} (You found it on level 3 of the Elven Halls)
 87093 | Elf:3    | Got a twisted cloak
 87094 | Elf:3    | Identified the +0 cloak of Muheixa {Slay+3} (You found it on level 3 of the Elven Halls)
 89399 | Depths:3 | Reached XP level 26. HP: 189/189 MP: 29/29
 89413 | Depths:3 | Received a gift from Trog
 89596 | Depths:2 | Received a gift from Trog
 89741 | Depths:3 | Reached skill level 15 in Long Blades
 89809 | Depths:3 | Received a gift from Trog
 90941 | Depths:2 | Received a gift from Trog
 91517 | Depths:3 | Received a gift from Trog
 93042 | Depths:3 | Found a gateway to a ziggurat.
 93483 | Depths:3 | Noticed an ancient lich
 93517 | Depths:3 | Killed an ancient lich
 93517 | Depths:3 | Received a gift from Trog
 93913 | Depths:3 | Identified Xerunyikk's Tome of Quantum Aid
 94252 | Depths:4 | Reached skill level 23 in Dodging
 94391 | Depths:4 | Received a gift from Trog
 94391 | Depths:4 | Reached XP level 27. HP: 197/197 MP: 29/29
 95806 | Depths:4 | Received a gift from Trog
 96158 | Depths:4 | Found a one-way gate to the infinite horrors of the Abyss.
 96319 | Depths:5 | Entered Level 5 of the Depths
 96528 | Depths:5 | Received a gift from Trog
 97039 | Depths:5 | Noticed Saint Roka
 97058 | Depths:5 | Killed Saint Roka
 97666 | Depths:5 | Found a gate to the Realm of Zot.
 98837 | Vaults:5 | Entered Level 5 of the Vaults
 99599 | Vaults:5 | Received a gift from Trog
 99599 | Vaults:5 | Cast into level 3 of the Abyss (vault warden)
 99611 | Abyss:3  | Found a hazy altar of Hepliaklqana.
 99642 | Vaults:5 | Escaped the Abyss
 99738 | Vaults:5 | Received a gift from Trog
100183 | Vaults:5 | Reached skill level 24 in Dodging
100968 | Vaults:5 | Received a gift from Trog
101093 | Vaults:5 | Got a dazzling ring mail
101095 | Vaults:5 | Identified the +0 ring mail "Diyla" {*Slow rF+++ Regen+ Int-2} (You took it off a vault guard on level 5 of the Vaults)
101230 | Vaults:5 | Received a gift from Trog
101969 | Vaults:5 | Got a crude iron amulet
101974 | Vaults:5 | Got an uncursed crystal fustibalus {venom}
101978 | Vaults:5 | Identified the +6 fustibalus of Sloth {venom, Str+5} (You took it off a vault guard on level 5 of the Vaults)
103041 | Vaults:5 | Identified the amulet of Descent {RegenMP rElec rPois Str+3 Stlth+} (You took it off a vault guard on level 5 of the Vaults)
103156 | Vaults:5 | Got a silver rune of Zot
103159 | Vaults:5 | Got a scorched helmet
103160 | Vaults:5 | Identified the +1 helmet "Tuater" {rPois rF++ Str-5} (You found it on level 5 of the Vaults)
103871 | Zot:1    | Entered Level 1 of the Realm of Zot
104406 | Elf:2    | Bought the ring of Jazywk {+Fly rElec rF- rC+ Stlth+} for 514 gold pieces
104806 | Zot:1    | Received a gift from Trog
104810 | Zot:1    | Got a faintly glowing chain mail
104811 | Zot:1    | Identified the +1 chain mail of Zin's Hope {rElec rPois Dex-3} (You found it on level 1 of the Realm of Zot)
105676 | Zot:1    | Received a gift from Trog
107279 | Zot:2    | Got an ancient ivory ring
107280 | Zot:2    | Identified the cursed ring of Urob Foe {rPois Str-3} (You found it on level 2 of the Realm of Zot)
107325 | Zot:2    | Reached skill level 25 in Dodging
107543 | Zot:2    | Noticed an orb of fire
107557 | Zot:2    | Gained mutation: You are partially covered in icy blue scales. (AC +2) [an orb of fire]
107559 | Zot:2    | Gained mutation: You have large cloven feet. [an orb of fire]
107571 | Zot:2    | Killed an orb of fire
107809 | Zot:2    | Received a gift from Trog
110003 | Zot:5    | Entered Level 5 of the Realm of Zot
110577 | Zot:5    | Received a gift from Trog
110655 | Zot:5    | Noticed an ancient lich
110674 | Zot:5    | Noticed an orb of fire
110676 | Zot:5    | Killed an ancient lich
110705 | Zot:5    | Killed an orb of fire
110747 | Zot:5    | Noticed an ancient lich
110792 | Zot:4    | Killed an ancient lich
111933 | Zot:5    | Reached skill level 26 in Dodging
112187 | Zot:5    | Received a gift from Trog
112362 | Zot:5    | Noticed an orb of fire
112388 | Zot:5    | Killed an orb of fire
112510 | Zot:5    | Noticed an orb of fire
112537 | Zot:5    | Gained mutation: You are frail. (-10% HP) [an orb of fire]
112540 | Zot:5    | Killed an orb of fire
113747 | Zot:5    | Noticed an orb of fire
113790 | Zot:5    | Gained mutation: Your system is resistant to poisons. (rPois) [an orb of fire]
113793 | Zot:5    | Killed an orb of fire
114201 | Zot:5    | Noticed an ancient lich
114532 | Zot:5    | Killed an ancient lich
114826 | Zot:5    | Reached skill level 27 in Dodging
115057 | Zot:5    | Got the Orb of Zot
115186 | Zot:4    | Noticed Ceuroyb the pandemonium lord
115247 | Zot:1    | Noticed an orb of fire
115627 | Depths:3 | Noticed Hocif the pandemonium lord
115941 | D:6      | Noticed Douc the pandemonium lord
116068 | D:$      | Escaped with the Orb!

Skill      XL: |  1  2  3  4  5  6  7  8  9 10 11 12 13 14 15 16 17 18 19 20 21 22 23 24 25 26 27 |
---------------+----------------------------------------------------------------------------------+-----
Armour         | 3 4 5 6 8 9 10 11 12 13 14 15 16 17 18 19 20 21 24 | 24.9
Short Blades   | 4 5 6 7 9 |  9.9
Fighting       | 3 4 5 6 7 8 9 10 11 12 13 14 15 16 17 18 23 | 23.9
Dodging        | 3 4 5 7 8 10 11 13 14 15 16 17 18 19 20 21 22 23 27 | 27.0
Long Blades    | 1 4 5 7 9 10 12 13 14 16 | 16.6
Stealth        | 9 |  9.9
Evocations     | 8 |  8.0
Throwing       | 10 12 13 | 13.3
Shields        | 5 |  5.9
Slings         | 7 10 | 10.0

Action                   |  1- 3 |  4- 6 |  7- 9 | 10-12 | 13-15 | 16-18 | 19-21 | 22-24 | 25-27 || total
-------------------------+-------+-------+-------+-------+-------+-------+-------+-------+-------++-------
Melee: Short sword       |   102 |   164 |   526 |    24 |       |       |       |       |       ||   816
       Long sword        |       |       |       |   469 |   940 |  2116 |  2548 |  2765 |   626 ||  9464
       Scimitar          |       |       |       |     4 |    49 |    94 |    79 |       |       ||   226
       Rapier            |       |       |       |       |       |       |    17 |    23 |       ||    40
       Double sword      |       |       |       |       |       |       |       |       |  3861 ||  3861
 Fire: Hunting sling     |       |       |       |       |       |       |       |    17 |       ||    17
       Fustibalus        |       |       |       |       |       |       |       |       |     8 ||     8
Throw: Tomahawk          |       |       |       |     4 |       |       |   287 |    11 |       ||   302
Invok: Berserk           |       |     2 |       |     1 |     1 |     3 |     5 |     3 |     3 ||    18
       Burn Spellbooks   |       |       |     1 |       |     1 |     6 |     2 |     3 |    13 ||    26
       Brothers in Arms  |       |       |     1 |     1 |     2 |    11 |     5 |    11 |    12 ||    43
       Trog's Hand       |       |       |     1 |     1 |     1 |    12 |    17 |    14 |    46 ||    92
 Abil: Evoke Flight      |       |       |       |       |       |       |       |       |     3 ||     3
       Stop Flying       |       |       |       |       |       |       |       |       |     2 ||     2
Evoke: Wand              |       |       |     3 |       |       |     4 |       |     2 |     7 ||    16
       Lightning rod     |       |       |       |     3 |       |     1 |       |       |       ||     4
       Sack of spiders   |       |       |       |       |       |     2 |       |       |       ||     2
  Use: Scroll            |     6 |     4 |    12 |    13 |    10 |    23 |     9 |    29 |    36 ||   142
       Potion            |       |       |     5 |     1 |     9 |    10 |    11 |     4 |    29 ||    69
 Stab: Sleeping          |     2 |       |       |       |     2 |     4 |     3 |    12 |    17 ||    40
       Invisible         |       |       |     1 |       |     2 |       |     3 |       |       ||     6
       Distracted        |       |       |       |       |     1 |     4 |     3 |     2 |    18 ||    28
       Confused          |       |       |       |       |       |     1 |       |       |       ||     1
       Held in net/web   |       |       |       |       |       |       |     1 |       |       ||     1
  Eat: Chunk             |     1 |     7 |     4 |    13 |     8 |    38 |    21 |    29 |    39 ||   160
       Fruit             |       |       |     9 |     8 |    25 |     7 |     5 |     5 |     9 ||    68
       Royal jelly       |       |       |     1 |     1 |       |    10 |    11 |       |     6 ||    29
       Bread ration      |       |       |       |     1 |     2 |     2 |     9 |     7 |     5 ||    26
       Meat ration       |       |       |       |       |     1 |     2 |       |       |    12 ||    15
Armor: Animal skin       |    12 |       |       |       |       |       |       |       |       ||    12
       Ring mail         |     2 |    36 |    70 |    28 |       |       |       |       |       ||   136
       Chain mail        |       |       |       |   156 |   387 |   700 |   901 |   481 |  1111 ||  3736
       Plate armour      |       |       |       |       |    36 |       |       |       |       ||    36
Dodge: Dodged            |    73 |   125 |   224 |   408 |  1019 |  1960 |  2452 |  1562 |  3672 || 11495
       Deflected         |       |       |       |       |       |    32 |    40 |    31 |       ||   103
Block: Other             |       |       |    27 |    35 |    86 |   121 |   521 |   116 |   627 ||  1533
       Reflection        |       |       |     1 |     1 |       |     2 |     6 |    54 |    49 ||   113
       Buckler           |       |       |       |       |       |       |       |   851 |   216 ||  1067
       Rpst.: Long sword |       |       |       |    98 |   284 |   493 |   449 |   362 |    73 ||  1759
       Scimitar          |       |       |       |       |     3 |    22 |     8 |       |       ||    33
       Double sword      |       |       |       |       |       |       |       |       |   589 ||   589
